Workbook
Name AniosResumen: Listas!$N$4:$N$6
Name ClientesLista: Listas!$F$4:$F$10
Name EstadosCobro: Listas!$A$4:$A$7
Name EstadosPago: Listas!$L$4:$L$7
Name IVADeducible: Listas!$M$4:$M$6
Name MetodosPago: Listas!$B$4:$B$9
Name ProveedoresLista: Listas!$I$4:$I$11
Name SeriesEmitidas: Listas!$E$4:$E$7
Name TiposIRPF: Listas!$D$4:$D$6
Name TiposIVA: Listas!$C$4:$C$7

Sheet RESUMEN
A1: Plantilla libro registro de facturas
A3: Titular del libro | B3: Paula Rivas | D3: Actividad | E3: Consultoría acústica | F3: Ejercicio resumen | G3: 2026 | I3: Edición manual: celdas azules | Las métricas se calculan solas.
A5: Ingresos emitidos
A6: Total emitido | D6: Cobrado | G6: Pendiente de cobro | J6: IVA repercutido
A7: =SUMIFS(EXPEDIDAS_INGRESOS!$R$8:$R$307,EXPEDIDAS_INGRESOS!$B$8:$B$307,$G$3,EXPEDIDAS_INGRESOS!$S$8:$S$307,"<>ANULADA") -> 11045.2 | D7: =SUMIFS(EXPEDIDAS_INGRESOS!$T$8:$T$307,EXPEDIDAS_INGRESOS!$B$8:$B$307,$G$3,EXPEDIDAS_INGRESOS!$S$8:$S$307,"<>ANULADA") -> 5229 | G7: =SUMIFS(EXPEDIDAS_INGRESOS!$W$8:$W$307,EXPEDIDAS_INGRESOS!$B$8:$B$307,$G$3) -> 5816.2 | J7: =SUMIFS(EXPEDIDAS_INGRESOS!$O$8:$O$307,EXPEDIDAS_INGRESOS!$B$8:$B$307,$G$3,EXPEDIDAS_INGRESOS!$S$8:$S$307,"<>ANULADA") -> 2188.2
A9: Gastos recibidos
A10: Total gastos | D10: Pagado | G10: Pendiente de pago | J10: IVA deducible
A11: =SUMIFS(RECIBIDAS_GASTOS!$U$8:$U$307,RECIBIDAS_GASTOS!$B$8:$B$307,$G$3,RECIBIDAS_GASTOS!$V$8:$V$307,"<>ANULADA") -> 2445.08 | D11: =SUMIFS(RECIBIDAS_GASTOS!$W$8:$W$307,RECIBIDAS_GASTOS!$B$8:$B$307,$G$3,RECIBIDAS_GASTOS!$V$8:$V$307,"<>ANULADA") -> 1763.49 | G11: =SUMIFS(RECIBIDAS_GASTOS!$Z$8:$Z$307,RECIBIDAS_GASTOS!$B$8:$B$307,$G$3) -> 681.59 | J11: =SUMIFS(RECIBIDAS_GASTOS!$R$8:$R$307,RECIBIDAS_GASTOS!$B$8:$B$307,$G$3,RECIBIDAS_GASTOS!$V$8:$V$307,"<>ANULADA") -> 348.18
A13: Indicadores
A14: Resultado por bases | D14: IVA neto | G14: Facturas emitidas | J14: Facturas recibidas
A15: =SUMIFS(EXPEDIDAS_INGRESOS!$M$8:$M$307,EXPEDIDAS_INGRESOS!$B$8:$B$307,$G$3,EXPEDIDAS_INGRESOS!$S$8:$S$307,"<>ANULADA")-SUMIFS(RECIBIDAS_GASTOS!$N$8:$N$307,RECIBIDAS_GASTOS!$B$8:$B$307,$G$3,RECIBIDAS_GASTOS!$V$8:$V$307,"<>ANULADA") -> 8252 | D15: =J7-J11 -> 1840.02 | G15: =COUNTIFS(EXPEDIDAS_INGRESOS!$B$8:$B$307,$G$3,EXPEDIDAS_INGRESOS!$S$8:$S$307,"<>ANULADA") -> 7 | J15: =COUNTIFS(RECIBIDAS_GASTOS!$B$8:$B$307,$G$3,RECIBIDAS_GASTOS!$V$8:$V$307,"<>ANULADA") -> 8
A17: Alertas
A18: Vencidas por cobrar | D18: Vencidas por pagar | G18: Ticket medio emitido | J18: Ticket medio recibido
A19: =COUNTIFS(EXPEDIDAS_INGRESOS!$B$8:$B$307,$G$3,EXPEDIDAS_INGRESOS!$S$8:$S$307,"<>COBRADA",EXPEDIDAS_INGRESOS!$S$8:$S$307,"<>ANULADA",EXPEDIDAS_INGRESOS!$W$8:$W$307,">0",EXPEDIDAS_INGRESOS!$G$8:$G$307,"<"&TODAY()) -> 2 | D19: =COUNTIFS(RECIBIDAS_GASTOS!$B$8:$B$307,$G$3,RECIBIDAS_GASTOS!$V$8:$V$307,"<>PAGADA",RECIBIDAS_GASTOS!$V$8:$V$307,"<>ANULADA",RECIBIDAS_GASTOS!$Z$8:$Z$307,">0",RECIBIDAS_GASTOS!$H$8:$H$307,"<"&TODAY()) -> 1 | G19: =IF(G15=0,0,A7/G15) -> 1577.8857 | J19: =IF(J15=0,0,A11/J15) -> 305.635
A22: Resumen trimestral
A23: Trimestre | B23: Emitido | C23: Cobrado | D23: Gastos | E23: Pagado | F23: Pendiente cobro | G23: Pendiente pago | H23: IVA neto | J23: La plantilla está pensada para uso operativo: registra datos en las hojas separadas y el resumen se actualiza solo por ejercicio.
A24: T1 | B24: =SUMIFS(EXPEDIDAS_INGRESOS!$R$8:$R$307,EXPEDIDAS_INGRESOS!$B$8:$B$307,$G$3,EXPEDIDAS_INGRESOS!$D$8:$D$307,1,EXPEDIDAS_INGRESOS!$S$8:$S$307,"<>ANULADA") -> 6211.6 | C24: =SUMIFS(EXPEDIDAS_INGRESOS!$T$8:$T$307,EXPEDIDAS_INGRESOS!$B$8:$B$307,$G$3,EXPEDIDAS_INGRESOS!$D$8:$D$307,1,EXPEDIDAS_INGRESOS!$S$8:$S$307,"<>ANULADA") -> 3193.8 | D24: =SUMIFS(RECIBIDAS_GASTOS!$U$8:$U$307,RECIBIDAS_GASTOS!$B$8:$B$307,$G$3,RECIBIDAS_GASTOS!$D$8:$D$307,1,RECIBIDAS_GASTOS!$V$8:$V$307,"<>ANULADA") -> 1668.13 | E24: =SUMIFS(RECIBIDAS_GASTOS!$W$8:$W$307,RECIBIDAS_GASTOS!$B$8:$B$307,$G$3,RECIBIDAS_GASTOS!$D$8:$D$307,1,RECIBIDAS_GASTOS!$V$8:$V$307,"<>ANULADA") -> 986.54 | F24: =SUMIFS(EXPEDIDAS_INGRESOS!$W$8:$W$307,EXPEDIDAS_INGRESOS!$B$8:$B$307,$G$3,EXPEDIDAS_INGRESOS!$D$8:$D$307,1) -> 3017.8 | G24: =SUMIFS(RECIBIDAS_GASTOS!$Z$8:$Z$307,RECIBIDAS_GASTOS!$B$8:$B$307,$G$3,RECIBIDAS_GASTOS!$D$8:$D$307,1) -> 681.59 | H24: =SUMIFS(EXPEDIDAS_INGRESOS!$O$8:$O$307,EXPEDIDAS_INGRESOS!$B$8:$B$307,$G$3,EXPEDIDAS_INGRESOS!$D$8:$D$307,1,EXPEDIDAS_INGRESOS!$S$8:$S$307,"<>ANULADA")-SUMIFS(RECIBIDAS_GASTOS!$R$8:$R$307,RECIBIDAS_GASTOS!$B$8:$B$307,$G$3,RECIBIDAS_GASTOS!$D$8:$D$307,1,RECIBIDAS_GASTOS!$V$8:$V$307,"<>ANULADA") -> 944.37
A25: T2 | B25: =SUMIFS(EXPEDIDAS_INGRESOS!$R$8:$R$307,EXPEDIDAS_INGRESOS!$B$8:$B$307,$G$3,EXPEDIDAS_INGRESOS!$D$8:$D$307,2,EXPEDIDAS_INGRESOS!$S$8:$S$307,"<>ANULADA") -> 4833.6 | C25: =SUMIFS(EXPEDIDAS_INGRESOS!$T$8:$T$307,EXPEDIDAS_INGRESOS!$B$8:$B$307,$G$3,EXPEDIDAS_INGRESOS!$D$8:$D$307,2,EXPEDIDAS_INGRESOS!$S$8:$S$307,"<>ANULADA") -> 2035.2 | D25: =SUMIFS(RECIBIDAS_GASTOS!$U$8:$U$307,RECIBIDAS_GASTOS!$B$8:$B$307,$G$3,RECIBIDAS_GASTOS!$D$8:$D$307,2,RECIBIDAS_GASTOS!$V$8:$V$307,"<>ANULADA") -> 776.95 | E25: =SUMIFS(RECIBIDAS_GASTOS!$W$8:$W$307,RECIBIDAS_GASTOS!$B$8:$B$307,$G$3,RECIBIDAS_GASTOS!$D$8:$D$307,2,RECIBIDAS_GASTOS!$V$8:$V$307,"<>ANULADA") -> 776.95 | F25: =SUMIFS(EXPEDIDAS_INGRESOS!$W$8:$W$307,EXPEDIDAS_INGRESOS!$B$8:$B$307,$G$3,EXPEDIDAS_INGRESOS!$D$8:$D$307,2) -> 2798.4 | G25: =SUMIFS(RECIBIDAS_GASTOS!$Z$8:$Z$307,RECIBIDAS_GASTOS!$B$8:$B$307,$G$3,RECIBIDAS_GASTOS!$D$8:$D$307,2) -> 0 | H25: =SUMIFS(EXPEDIDAS_INGRESOS!$O$8:$O$307,EXPEDIDAS_INGRESOS!$B$8:$B$307,$G$3,EXPEDIDAS_INGRESOS!$D$8:$D$307,2,EXPEDIDAS_INGRESOS!$S$8:$S$307,"<>ANULADA")-SUMIFS(RECIBIDAS_GASTOS!$R$8:$R$307,RECIBIDAS_GASTOS!$B$8:$B$307,$G$3,RECIBIDAS_GASTOS!$D$8:$D$307,2,RECIBIDAS_GASTOS!$V$8:$V$307,"<>ANULADA") -> 895.65
A26: T3 | B26: =SUMIFS(EXPEDIDAS_INGRESOS!$R$8:$R$307,EXPEDIDAS_INGRESOS!$B$8:$B$307,$G$3,EXPEDIDAS_INGRESOS!$D$8:$D$307,3,EXPEDIDAS_INGRESOS!$S$8:$S$307,"<>ANULADA") -> 0 | C26: =SUMIFS(EXPEDIDAS_INGRESOS!$T$8:$T$307,EXPEDIDAS_INGRESOS!$B$8:$B$307,$G$3,EXPEDIDAS_INGRESOS!$D$8:$D$307,3,EXPEDIDAS_INGRESOS!$S$8:$S$307,"<>ANULADA") -> 0 | D26: =SUMIFS(RECIBIDAS_GASTOS!$U$8:$U$307,RECIBIDAS_GASTOS!$B$8:$B$307,$G$3,RECIBIDAS_GASTOS!$D$8:$D$307,3,RECIBIDAS_GASTOS!$V$8:$V$307,"<>ANULADA") -> 0 | E26: =SUMIFS(RECIBIDAS_GASTOS!$W$8:$W$307,RECIBIDAS_GASTOS!$B$8:$B$307,$G$3,RECIBIDAS_GASTOS!$D$8:$D$307,3,RECIBIDAS_GASTOS!$V$8:$V$307,"<>ANULADA") -> 0 | F26: =SUMIFS(EXPEDIDAS_INGRESOS!$W$8:$W$307,EXPEDIDAS_INGRESOS!$B$8:$B$307,$G$3,EXPEDIDAS_INGRESOS!$D$8:$D$307,3) -> 0 | G26: =SUMIFS(RECIBIDAS_GASTOS!$Z$8:$Z$307,RECIBIDAS_GASTOS!$B$8:$B$307,$G$3,RECIBIDAS_GASTOS!$D$8:$D$307,3) -> 0 | H26: =SUMIFS(EXPEDIDAS_INGRESOS!$O$8:$O$307,EXPEDIDAS_INGRESOS!$B$8:$B$307,$G$3,EXPEDIDAS_INGRESOS!$D$8:$D$307,3,EXPEDIDAS_INGRESOS!$S$8:$S$307,"<>ANULADA")-SUMIFS(RECIBIDAS_GASTOS!$R$8:$R$307,RECIBIDAS_GASTOS!$B$8:$B$307,$G$3,RECIBIDAS_GASTOS!$D$8:$D$307,3,RECIBIDAS_GASTOS!$V$8:$V$307,"<>ANULADA") -> 0
A27: T4 | B27: =SUMIFS(EXPEDIDAS_INGRESOS!$R$8:$R$307,EXPEDIDAS_INGRESOS!$B$8:$B$307,$G$3,EXPEDIDAS_INGRESOS!$D$8:$D$307,4,EXPEDIDAS_INGRESOS!$S$8:$S$307,"<>ANULADA") -> 0 | C27: =SUMIFS(EXPEDIDAS_INGRESOS!$T$8:$T$307,EXPEDIDAS_INGRESOS!$B$8:$B$307,$G$3,EXPEDIDAS_INGRESOS!$D$8:$D$307,4,EXPEDIDAS_INGRESOS!$S$8:$S$307,"<>ANULADA") -> 0 | D27: =SUMIFS(RECIBIDAS_GASTOS!$U$8:$U$307,RECIBIDAS_GASTOS!$B$8:$B$307,$G$3,RECIBIDAS_GASTOS!$D$8:$D$307,4,RECIBIDAS_GASTOS!$V$8:$V$307,"<>ANULADA") -> 0 | E27: =SUMIFS(RECIBIDAS_GASTOS!$W$8:$W$307,RECIBIDAS_GASTOS!$B$8:$B$307,$G$3,RECIBIDAS_GASTOS!$D$8:$D$307,4,RECIBIDAS_GASTOS!$V$8:$V$307,"<>ANULADA") -> 0 | F27: =SUMIFS(EXPEDIDAS_INGRESOS!$W$8:$W$307,EXPEDIDAS_INGRESOS!$B$8:$B$307,$G$3,EXPEDIDAS_INGRESOS!$D$8:$D$307,4) -> 0 | G27: =SUMIFS(RECIBIDAS_GASTOS!$Z$8:$Z$307,RECIBIDAS_GASTOS!$B$8:$B$307,$G$3,RECIBIDAS_GASTOS!$D$8:$D$307,4) -> 0 | H27: =SUMIFS(EXPEDIDAS_INGRESOS!$O$8:$O$307,EXPEDIDAS_INGRESOS!$B$8:$B$307,$G$3,EXPEDIDAS_INGRESOS!$D$8:$D$307,4,EXPEDIDAS_INGRESOS!$S$8:$S$307,"<>ANULADA")-SUMIFS(RECIBIDAS_GASTOS!$R$8:$R$307,RECIBIDAS_GASTOS!$B$8:$B$307,$G$3,RECIBIDAS_GASTOS!$D$8:$D$307,4,RECIBIDAS_GASTOS!$V$8:$V$307,"<>ANULADA") -> 0

Sheet EXPEDIDAS_INGRESOS
A1: Libro registro de facturas emitidas / ingresos
A3: Celdas azules = edición manual | G3: Celdas negras = cálculo automático | M3: Usa los filtros del encabezado y edita las listas en la hoja 'Listas' cuando necesites nuevos valores.
A7: Asiento | B7: Ejercicio | C7: Mes | D7: Trimestre | E7: Fecha emisión | F7: Fecha operación | G7: Fecha vencimiento | H7: Serie | I7: Nº factura | J7: Cliente | K7: NIF cliente | L7: Concepto | M7: Base imponible | N7: % IVA | O7: Cuota IVA | P7: % IRPF | Q7: Retención IRPF | R7: Total factura | S7: Estado cobro | T7: Importe cobrado | U7: Fecha cobro | V7: Método cobro | W7: Pendiente | X7: Días vencida | Y7: Observaciones
A8: =IF($E8="","",ROW()-7) -> 1 | B8: =IF($E8="","",YEAR($E8)) -> 2026 | C8: =IF($E8="","",MONTH($E8)) -> 1 | D8: =IF($E8="","",INT((MONTH($E8)-1)/3)+1) -> 1 | E8: 46030 | F8: 46030 | G8: 46060 | H8: A-26 | I8: 1 | J8: Opal Hotelera SL | K8: =IF($J8="","",IFERROR(VLOOKUP($J8,Listas!$F$4:$G$10,2,FALSE),"")) -> B34127865 | L8: Estudio acústico de terraza cubierta | M8: 1250 | N8: 0.21 | O8: =IF($M8="","",ROUND($M8*$N8,2)) -> 262.5 | P8: 0.15 | Q8: =IF($M8="","",ROUND($M8*$P8,2)) -> 187.5 | R8: =IF($M8="","",ROUND($M8+$O8-$Q8,2)) -> 1325 | S8: COBRADA | T8: 1325 | U8: 46058 | V8: Transferencia | W8: =IF($S8="ANULADA",0,IF($R8="","",MAX($R8-IF($T8="",0,$T8),0))) -> 0 | X8: =IF(AND($S8<>"COBRADA",$S8<>"ANULADA",$G8<>"",TODAY()>$G8,$W8>0),TODAY()-$G8,0) -> 0 | Y8: Informe entregado con plano de medidas
A9: =IF($E9="","",ROW()-7) -> 2 | B9: =IF($E9="","",YEAR($E9)) -> 2026 | C9: =IF($E9="","",MONTH($E9)) -> 1 | D9: =IF($E9="","",INT((MONTH($E9)-1)/3)+1) -> 1 | E9: 46042 | F9: 46042 | G9: 46072 | H9: A-26 | I9: 2 | J9: Restauración Puerto Norte SL | K9: =IF($J9="","",IFERROR(VLOOKUP($J9,Listas!$F$4:$G$10,2,FALSE),"")) -> B90341652 | L9: Medición de ruido para licencia de actividad | M9: 780 | N9: 0.21 | O9: =IF($M9="","",ROUND($M9*$N9,2)) -> 163.8 | P9: 0.15 | Q9: =IF($M9="","",ROUND($M9*$P9,2)) -> 117 | R9: =IF($M9="","",ROUND($M9+$O9-$Q9,2)) -> 826.8 | S9: PARCIAL | T9: 300 | V9: Tarjeta | W9: =IF($S9="ANULADA",0,IF($R9="","",MAX($R9-IF($T9="",0,$T9),0))) -> 526.8 | X9: =IF(AND($S9<>"COBRADA",$S9<>"ANULADA",$G9<>"",TODAY()>$G9,$W9>0),TODAY()-$G9,0) -> 61 | Y9: Resto previsto tras cierre de obra
A10: =IF($E10="","",ROW()-7) -> 3 | B10: =IF($E10="","",YEAR($E10)) -> 2026 | C10: =IF($E10="","",MONTH($E10)) -> 2 | D10: =IF($E10="","",INT((MONTH($E10)-1)/3)+1) -> 1 | E10: 46056 | F10: 46056 | G10: 46086 | H10: PRO-26 | I10: 1 | J10: Comunidad Torre del Lago | K10: =IF($J10="","",IFERROR(VLOOKUP($J10,Listas!$F$4:$G$10,2,FALSE),"")) -> H11852209 | L10: Informe de aislamiento en zonas comunes | M10: 1480 | N10: 0.21 | O10: =IF($M10="","",ROUND($M10*$N10,2)) -> 310.8 | P10: 0.15 | Q10: =IF($M10="","",ROUND($M10*$P10,2)) -> 222 | R10: =IF($M10="","",ROUND($M10+$O10-$Q10,2)) -> 1568.8 | S10: COBRADA | T10: 1568.8 | U10: 46085 | V10: Transferencia | W10: =IF($S10="ANULADA",0,IF($R10="","",MAX($R10-IF($T10="",0,$T10),0))) -> 0 | X10: =IF(AND($S10<>"COBRADA",$S10<>"ANULADA",$G10<>"",TODAY()>$G10,$W10>0),TODAY()-$G10,0) -> 0 | Y10: Se cobró el día previo al vencimiento
A11: =IF($E11="","",ROW()-7) -> 4 | B11: =IF($E11="","",YEAR($E11)) -> 2026 | C11: =IF($E11="","",MONTH($E11)) -> 3 | D11: =IF($E11="","",INT((MONTH($E11)-1)/3)+1) -> 1 | E11: 46095 | F11: 46095 | G11: 46125 | H11: PRO-26 | I11: 2 | J11: Teatro del Sur SA | K11: =IF($J11="","",IFERROR(VLOOKUP($J11,Listas!$F$4:$G$10,2,FALSE),"")) -> A67345019 | L11: Mapa de ruido interior para acondicionamiento | M11: 2350 | N11: 0.21 | O11: =IF($M11="","",ROUND($M11*$N11,2)) -> 493.5 | P11: 0.15 | Q11: =IF($M11="","",ROUND($M11*$P11,2)) -> 352.5 | R11: =IF($M11="","",ROUND($M11+$O11-$Q11,2)) -> 2491 | S11: PENDIENTE | T11: 0 | V11: Transferencia | W11: =IF($S11="ANULADA",0,IF($R11="","",MAX($R11-IF($T11="",0,$T11),0))) -> 2491 | X11: =IF(AND($S11<>"COBRADA",$S11<>"ANULADA",$G11<>"",TODAY()>$G11,$W11>0),TODAY()-$G11,0) -> 8 | Y11: Pendiente de visto bueno del cliente
A12: =IF($E12="","",ROW()-7) -> 5 | B12: =IF($E12="","",YEAR($E12)) -> 2026 | C12: =IF($E12="","",MONTH($E12)) -> 4 | D12: =IF($E12="","",INT((MONTH($E12)-1)/3)+1) -> 2 | E12: 46114 | F12: 46114 | G12: 46144 | H12: B-26 | I12: 1 | J12: Constructora Linde SA | K12: =IF($J12="","",IFERROR(VLOOKUP($J12,Listas!$F$4:$G$10,2,FALSE),"")) -> A28090411 | L12: Ensayo de vibraciones en sala de máquinas | M12: 1920 | N12: 0.21 | O12: =IF($M12="","",ROUND($M12*$N12,2)) -> 403.2 | P12: 0.15 | Q12: =IF($M12="","",ROUND($M12*$P12,2)) -> 288 | R12: =IF($M12="","",ROUND($M12+$O12-$Q12,2)) -> 2035.2 | S12: COBRADA | T12: 2035.2 | U12: 46140 | V12: Domiciliación | W12: =IF($S12="ANULADA",0,IF($R12="","",MAX($R12-IF($T12="",0,$T12),0))) -> 0 | X12: =IF(AND($S12<>"COBRADA",$S12<>"ANULADA",$G12<>"",TODAY()>$G12,$W12>0),TODAY()-$G12,0) -> 0 | Y12: Proyecto con visita nocturna
A13: =IF($E13="","",ROW()-7) -> 6 | B13: =IF($E13="","",YEAR($E13)) -> 2026 | C13: =IF($E13="","",MONTH($E13)) -> 4 | D13: =IF($E13="","",INT((MONTH($E13)-1)/3)+1) -> 2 | E13: 46130 | F13: 46130 | G13: 46160 | H13: B-26 | I13: 2 | J13: Colegio Atlas Coop. | K13: =IF($J13="","",IFERROR(VLOOKUP($J13,Listas!$F$4:$G$10,2,FALSE),"")) -> F44712063 | L13: Plan de acondicionamiento acústico de aula magna | M13: 1650 | N13: 0.21 | O13: =IF($M13="","",ROUND($M13*$N13,2)) -> 346.5 | P13: 0.15 | Q13: =IF($M13="","",ROUND($M13*$P13,2)) -> 247.5 | R13: =IF($M13="","",ROUND($M13+$O13-$Q13,2)) -> 1749 | S13: PENDIENTE | T13: 0 | V13: Transferencia | W13: =IF($S13="ANULADA",0,IF($R13="","",MAX($R13-IF($T13="",0,$T13),0))) -> 1749 | X13: =IF(AND($S13<>"COBRADA",$S13<>"ANULADA",$G13<>"",TODAY()>$G13,$W13>0),TODAY()-$G13,0) -> 0 | Y13: Aprobación en comité de compras
A14: =IF($E14="","",ROW()-7) -> 7 | B14: =IF($E14="","",YEAR($E14)) -> 2026 | C14: =IF($E14="","",MONTH($E14)) -> 4 | D14: =IF($E14="","",INT((MONTH($E14)-1)/3)+1) -> 2 | E14: 46142 | F14: 46142 | G14: 46172 | H14: RECT-26 | I14: 1 | J14: Clínica Horizonte SL | K14: =IF($J14="","",IFERROR(VLOOKUP($J14,Listas!$F$4:$G$10,2,FALSE),"")) -> B50876142 | L14: Rectificación por descuento comercial | M14: 420 | N14: 0.21 | O14: =IF($M14="","",ROUND($M14*$N14,2)) -> 88.2 | P14: 0.15 | Q14: =IF($M14="","",ROUND($M14*$P14,2)) -> 63 | R14: =IF($M14="","",ROUND($M14+$O14-$Q14,2)) -> 445.2 | S14: ANULADA | T14: 0 | V14: Transferencia | W14: =IF($S14="ANULADA",0,IF($R14="","",MAX($R14-IF($T14="",0,$T14),0))) -> 0 | X14: =IF(AND($S14<>"COBRADA",$S14<>"ANULADA",$G14<>"",TODAY()>$G14,$W14>0),TODAY()-$G14,0) -> 0 | Y14: Sustituida por factura rectificativa externa
A15: =IF($E15="","",ROW()-7) -> 8 | B15: =IF($E15="","",YEAR($E15)) -> 2026 | C15: =IF($E15="","",MONTH($E15)) -> 5 | D15: =IF($E15="","",INT((MONTH($E15)-1)/3)+1) -> 2 | E15: 46154 | F15: 46154 | G15: 46184 | H15: B-26 | I15: 3 | J15: Clínica Horizonte SL | K15: =IF($J15="","",IFERROR(VLOOKUP($J15,Listas!$F$4:$G$10,2,FALSE),"")) -> B50876142 | L15: Certificación acústica de cabinas médicas | M15: 990 | N15: 0.21 | O15: =IF($M15="","",ROUND($M15*$N15,2)) -> 207.9 | P15: 0.15 | Q15: =IF($M15="","",ROUND($M15*$P15,2)) -> 148.5 | R15: =IF($M15="","",ROUND($M15+$O15-$Q15,2)) -> 1049.4 | S15: PENDIENTE | T15: 0 | V15: Confirming | W15: =IF($S15="ANULADA",0,IF($R15="","",MAX($R15-IF($T15="",0,$T15),0))) -> 1049.4 | X15: =IF(AND($S15<>"COBRADA",$S15<>"ANULADA",$G15<>"",TODAY()>$G15,$W15>0),TODAY()-$G15,0) -> 0 | Y15: Pendiente de cierre administrativo
A16: =IF($E16="","",ROW()-7) | B16: =IF($E16="","",YEAR($E16)) | C16: =IF($E16="","",MONTH($E16)) | D16: =IF($E16="","",INT((MONTH($E16)-1)/3)+1) | K16: =IF($J16="","",IFERROR(VLOOKUP($J16,Listas!$F$4:$G$10,2,FALSE),"")) | O16: =IF($M16="","",ROUND($M16*$N16,2)) | Q16: =IF($M16="","",ROUND($M16*$P16,2)) | R16: =IF($M16="","",ROUND($M16+$O16-$Q16,2)) | W16: =IF($S16="ANULADA",0,IF($R16="","",MAX($R16-IF($T16="",0,$T16),0))) | X16: =IF(AND($S16<>"COBRADA",$S16<>"ANULADA",$G16<>"",TODAY()>$G16,$W16>0),TODAY()-$G16,0) -> 0
A17: =IF($E17="","",ROW()-7) | B17: =IF($E17="","",YEAR($E17)) | C17: =IF($E17="","",MONTH($E17)) | D17: =IF($E17="","",INT((MONTH($E17)-1)/3)+1) | K17: =IF($J17="","",IFERROR(VLOOKUP($J17,Listas!$F$4:$G$10,2,FALSE),"")) | O17: =IF($M17="","",ROUND($M17*$N17,2)) | Q17: =IF($M17="","",ROUND($M17*$P17,2)) | R17: =IF($M17="","",ROUND($M17+$O17-$Q17,2)) | W17: =IF($S17="ANULADA",0,IF($R17="","",MAX($R17-IF($T17="",0,$T17),0))) | X17: =IF(AND($S17<>"COBRADA",$S17<>"ANULADA",$G17<>"",TODAY()>$G17,$W17>0),TODAY()-$G17,0) -> 0
A18: =IF($E18="","",ROW()-7) | B18: =IF($E18="","",YEAR($E18)) | C18: =IF($E18="","",MONTH($E18)) | D18: =IF($E18="","",INT((MONTH($E18)-1)/3)+1) | K18: =IF($J18="","",IFERROR(VLOOKUP($J18,Listas!$F$4:$G$10,2,FALSE),"")) | O18: =IF($M18="","",ROUND($M18*$N18,2)) | Q18: =IF($M18="","",ROUND($M18*$P18,2)) | R18: =IF($M18="","",ROUND($M18+$O18-$Q18,2)) | W18: =IF($S18="ANULADA",0,IF($R18="","",MAX($R18-IF($T18="",0,$T18),0))) | X18: =IF(AND($S18<>"COBRADA",$S18<>"ANULADA",$G18<>"",TODAY()>$G18,$W18>0),TODAY()-$G18,0) -> 0
A19: =IF($E19="","",ROW()-7) | B19: =IF($E19="","",YEAR($E19)) | C19: =IF($E19="","",MONTH($E19)) | D19: =IF($E19="","",INT((MONTH($E19)-1)/3)+1) | K19: =IF($J19="","",IFERROR(VLOOKUP($J19,Listas!$F$4:$G$10,2,FALSE),"")) | O19: =IF($M19="","",ROUND($M19*$N19,2)) | Q19: =IF($M19="","",ROUND($M19*$P19,2)) | R19: =IF($M19="","",ROUND($M19+$O19-$Q19,2)) | W19: =IF($S19="ANULADA",0,IF($R19="","",MAX($R19-IF($T19="",0,$T19),0))) | X19: =IF(AND($S19<>"COBRADA",$S19<>"ANULADA",$G19<>"",TODAY()>$G19,$W19>0),TODAY()-$G19,0) -> 0
A20: =IF($E20="","",ROW()-7) | B20: =IF($E20="","",YEAR($E20)) | C20: =IF($E20="","",MONTH($E20)) | D20: =IF($E20="","",INT((MONTH($E20)-1)/3)+1) | K20: =IF($J20="","",IFERROR(VLOOKUP($J20,Listas!$F$4:$G$10,2,FALSE),"")) | O20: =IF($M20="","",ROUND($M20*$N20,2)) | Q20: =IF($M20="","",ROUND($M20*$P20,2)) | R20: =IF($M20="","",ROUND($M20+$O20-$Q20,2)) | W20: =IF($S20="ANULADA",0,IF($R20="","",MAX($R20-IF($T20="",0,$T20),0))) | X20: =IF(AND($S20<>"COBRADA",$S20<>"ANULADA",$G20<>"",TODAY()>$G20,$W20>0),TODAY()-$G20,0) -> 0
A21: =IF($E21="","",ROW()-7) | B21: =IF($E21="","",YEAR($E21)) | C21: =IF($E21="","",MONTH($E21)) | D21: =IF($E21="","",INT((MONTH($E21)-1)/3)+1) | K21: =IF($J21="","",IFERROR(VLOOKUP($J21,Listas!$F$4:$G$10,2,FALSE),"")) | O21: =IF($M21="","",ROUND($M21*$N21,2)) | Q21: =IF($M21="","",ROUND($M21*$P21,2)) | R21: =IF($M21="","",ROUND($M21+$O21-$Q21,2)) | W21: =IF($S21="ANULADA",0,IF($R21="","",MAX($R21-IF($T21="",0,$T21),0))) | X21: =IF(AND($S21<>"COBRADA",$S21<>"ANULADA",$G21<>"",TODAY()>$G21,$W21>0),TODAY()-$G21,0) -> 0
A22: =IF($E22="","",ROW()-7) | B22: =IF($E22="","",YEAR($E22)) | C22: =IF($E22="","",MONTH($E22)) | D22: =IF($E22="","",INT((MONTH($E22)-1)/3)+1) | K22: =IF($J22="","",IFERROR(VLOOKUP($J22,Listas!$F$4:$G$10,2,FALSE),"")) | O22: =IF($M22="","",ROUND($M22*$N22,2)) | Q22: =IF($M22="","",ROUND($M22*$P22,2)) | R22: =IF($M22="","",ROUND($M22+$O22-$Q22,2)) | W22: =IF($S22="ANULADA",0,IF($R22="","",MAX($R22-IF($T22="",0,$T22),0))) | X22: =IF(AND($S22<>"COBRADA",$S22<>"ANULADA",$G22<>"",TODAY()>$G22,$W22>0),TODAY()-$G22,0) -> 0
A23: =IF($E23="","",ROW()-7) | B23: =IF($E23="","",YEAR($E23)) | C23: =IF($E23="","",MONTH($E23)) | D23: =IF($E23="","",INT((MONTH($E23)-1)/3)+1) | K23: =IF($J23="","",IFERROR(VLOOKUP($J23,Listas!$F$4:$G$10,2,FALSE),"")) | O23: =IF($M23="","",ROUND($M23*$N23,2)) | Q23: =IF($M23="","",ROUND($M23*$P23,2)) | R23: =IF($M23="","",ROUND($M23+$O23-$Q23,2)) | W23: =IF($S23="ANULADA",0,IF($R23="","",MAX($R23-IF($T23="",0,$T23),0))) | X23: =IF(AND($S23<>"COBRADA",$S23<>"ANULADA",$G23<>"",TODAY()>$G23,$W23>0),TODAY()-$G23,0) -> 0
A24: =IF($E24="","",ROW()-7) | B24: =IF($E24="","",YEAR($E24)) | C24: =IF($E24="","",MONTH($E24)) | D24: =IF($E24="","",INT((MONTH($E24)-1)/3)+1) | K24: =IF($J24="","",IFERROR(VLOOKUP($J24,Listas!$F$4:$G$10,2,FALSE),"")) | O24: =IF($M24="","",ROUND($M24*$N24,2)) | Q24: =IF($M24="","",ROUND($M24*$P24,2)) | R24: =IF($M24="","",ROUND($M24+$O24-$Q24,2)) | W24: =IF($S24="ANULADA",0,IF($R24="","",MAX($R24-IF($T24="",0,$T24),0))) | X24: =IF(AND($S24<>"COBRADA",$S24<>"ANULADA",$G24<>"",TODAY()>$G24,$W24>0),TODAY()-$G24,0) -> 0
A25: =IF($E25="","",ROW()-7) | B25: =IF($E25="","",YEAR($E25)) | C25: =IF($E25="","",MONTH($E25)) | D25: =IF($E25="","",INT((MONTH($E25)-1)/3)+1) | K25: =IF($J25="","",IFERROR(VLOOKUP($J25,Listas!$F$4:$G$10,2,FALSE),"")) | O25: =IF($M25="","",ROUND($M25*$N25,2)) | Q25: =IF($M25="","",ROUND($M25*$P25,2)) | R25: =IF($M25="","",ROUND($M25+$O25-$Q25,2)) | W25: =IF($S25="ANULADA",0,IF($R25="","",MAX($R25-IF($T25="",0,$T25),0))) | X25: =IF(AND($S25<>"COBRADA",$S25<>"ANULADA",$G25<>"",TODAY()>$G25,$W25>0),TODAY()-$G25,0) -> 0
A26: =IF($E26="","",ROW()-7) | B26: =IF($E26="","",YEAR($E26)) | C26: =IF($E26="","",MONTH($E26)) | D26: =IF($E26="","",INT((MONTH($E26)-1)/3)+1) | K26: =IF($J26="","",IFERROR(VLOOKUP($J26,Listas!$F$4:$G$10,2,FALSE),"")) | O26: =IF($M26="","",ROUND($M26*$N26,2)) | Q26: =IF($M26="","",ROUND($M26*$P26,2)) | R26: =IF($M26="","",ROUND($M26+$O26-$Q26,2)) | W26: =IF($S26="ANULADA",0,IF($R26="","",MAX($R26-IF($T26="",0,$T26),0))) | X26: =IF(AND($S26<>"COBRADA",$S26<>"ANULADA",$G26<>"",TODAY()>$G26,$W26>0),TODAY()-$G26,0) -> 0
A27: =IF($E27="","",ROW()-7) | B27: =IF($E27="","",YEAR($E27)) | C27: =IF($E27="","",MONTH($E27)) | D27: =IF($E27="","",INT((MONTH($E27)-1)/3)+1) | K27: =IF($J27="","",IFERROR(VLOOKUP($J27,Listas!$F$4:$G$10,2,FALSE),"")) | O27: =IF($M27="","",ROUND($M27*$N27,2)) | Q27: =IF($M27="","",ROUND($M27*$P27,2)) | R27: =IF($M27="","",ROUND($M27+$O27-$Q27,2)) | W27: =IF($S27="ANULADA",0,IF($R27="","",MAX($R27-IF($T27="",0,$T27),0))) | X27: =IF(AND($S27<>"COBRADA",$S27<>"ANULADA",$G27<>"",TODAY()>$G27,$W27>0),TODAY()-$G27,0) -> 0
... A307: =IF($E307="","",ROW()-7) | B307: =IF($E307="","",YEAR($E307)) | C307: =IF($E307="","",MONTH($E307)) | D307: =IF($E307="","",INT((MONTH($E307)-1)/3)+1) | K307: =IF($J307="","",IFERROR(VLOOKUP($J307,Listas!$F$4:$G$10,2,FALSE),"")) | O307: =IF($M307="","",ROUND($M307*$N307,2)) | Q307: =IF($M307="","",ROUND($M307*$P307,2)) | R307: =IF($M307="","",ROUND($M307+$O307-$Q307,2)) | W307: =IF($S307="ANULADA",0,IF($R307="","",MAX($R307-IF($T307="",0,$T307),0))) | X307: =IF(AND($S307<>"COBRADA",$S307<>"ANULADA",$G307<>"",TODAY()>$G307,$W307>0),TODAY()-$G307,0) -> 0

Sheet RECIBIDAS_GASTOS
A1: Libro registro de facturas recibidas / gastos
A3: Celdas azules = edición manual | G3: Celdas negras = cálculo automático | M3: Usa los filtros del encabezado y edita las listas en la hoja 'Listas' cuando necesites nuevos valores.
A7: Asiento | B7: Ejercicio | C7: Mes | D7: Trimestre | E7: Fecha factura | F7: Fecha operación | G7: Fecha recepción | H7: Fecha vencimiento | I7: Serie/Ref. | J7: Nº factura proveedor | K7: Proveedor | L7: NIF proveedor | M7: Concepto | N7: Base imponible | O7: % IVA | P7: Cuota IVA | Q7: % IVA deducible | R7: IVA deducible | S7: % IRPF | T7: Retención IRPF | U7: Total factura | V7: Estado pago | W7: Importe pagado | X7: Fecha pago | Y7: Método pago | Z7: Pendiente | AA7: Días vencida | AB7: Observaciones
A8: =IF($E8="","",ROW()-7) -> 1 | B8: =IF($E8="","",YEAR($E8)) -> 2026 | C8: =IF($E8="","",MONTH($E8)) -> 1 | D8: =IF($E8="","",INT((MONTH($E8)-1)/3)+1) -> 1 | E8: 46028 | F8: 46028 | G8: 46029 | H8: 46058 | I8: ST | J8: 10021 | K8: SoniTest Laboratorios SL | L8: =IF($K8="","",IFERROR(VLOOKUP($K8,Listas!$I$4:$J$11,2,FALSE),"")) -> B21943088 | M8: Calibración anual de sonómetro | N8: 220 | O8: 0.21 | P8: =IF($N8="","",ROUND($N8*$O8,2)) -> 46.2 | Q8: 1 | R8: =IF($P8="","",ROUND($P8*$Q8,2)) -> 46.2 | S8: 0 | T8: =IF($N8="","",ROUND($N8*$S8,2)) -> 0 | U8: =IF($N8="","",ROUND($N8+$P8-$T8,2)) -> 266.2 | V8: PAGADA | W8: 266.2 | X8: 46052 | Y8: Transferencia | Z8: =IF($V8="ANULADA",0,IF($U8="","",MAX($U8-IF($W8="",0,$W8),0))) -> 0 | AA8: =IF(AND($V8<>"PAGADA",$V8<>"ANULADA",$H8<>"",TODAY()>$H8,$Z8>0),TODAY()-$H8,0) -> 0 | AB8: Equipo principal de medición
A9: =IF($E9="","",ROW()-7) -> 2 | B9: =IF($E9="","",YEAR($E9)) -> 2026 | C9: =IF($E9="","",MONTH($E9)) -> 1 | D9: =IF($E9="","",INT((MONTH($E9)-1)/3)+1) -> 1 | E9: 46039 | F9: 46039 | G9: 46039 | H9: 46069 | I9: ALQ | J9: 4421 | K9: DataCampo Mobility SL | L9: =IF($K9="","",IFERROR(VLOOKUP($K9,Listas!$I$4:$J$11,2,FALSE),"")) -> B67190452 | M9: Alquiler de vehículo para visitas técnicas | N9: 180 | O9: 0.21 | P9: =IF($N9="","",ROUND($N9*$O9,2)) -> 37.8 | Q9: 0.5 | R9: =IF($P9="","",ROUND($P9*$Q9,2)) -> 18.9 | S9: 0 | T9: =IF($N9="","",ROUND($N9*$S9,2)) -> 0 | U9: =IF($N9="","",ROUND($N9+$P9-$T9,2)) -> 217.8 | V9: PAGADA | W9: 217.8 | X9: 46054 | Y9: Tarjeta | Z9: =IF($V9="ANULADA",0,IF($U9="","",MAX($U9-IF($W9="",0,$W9),0))) -> 0 | AA9: =IF(AND($V9<>"PAGADA",$V9<>"ANULADA",$H9<>"",TODAY()>$H9,$Z9>0),TODAY()-$H9,0) -> 0 | AB9: IVA deducible al 50%
A10: =IF($E10="","",ROW()-7) -> 3 | B10: =IF($E10="","",YEAR($E10)) -> 2026 | C10: =IF($E10="","",MONTH($E10)) -> 1 | D10: =IF($E10="","",INT((MONTH($E10)-1)/3)+1) -> 1 | E10: 46051 | F10: 46051 | G10: 46052 | H10: 46081 | I10: MAT | J10: 905 | K10: Oficina Delta SA | L10: =IF($K10="","",IFERROR(VLOOKUP($K10,Listas!$I$4:$J$11,2,FALSE),"")) -> A08567931 | M10: Material de oficina y archivadores | N10: 64 | O10: 0.21 | P10: =IF($N10="","",ROUND($N10*$O10,2)) -> 13.44 | Q10: 1 | R10: =IF($P10="","",ROUND($P10*$Q10,2)) -> 13.44 | S10: 0 | T10: =IF($N10="","",ROUND($N10*$S10,2)) -> 0 | U10: =IF($N10="","",ROUND($N10+$P10-$T10,2)) -> 77.44 | V10: PAGADA | W10: 77.44 | X10: 46056 | Y10: Bizum | Z10: =IF($V10="ANULADA",0,IF($U10="","",MAX($U10-IF($W10="",0,$W10),0))) -> 0 | AA10: =IF(AND($V10<>"PAGADA",$V10<>"ANULADA",$H10<>"",TODAY()>$H10,$Z10>0),TODAY()-$H10,0) -> 0 | AB10: Compra menor
A11: =IF($E11="","",ROW()-7) -> 4 | B11: =IF($E11="","",YEAR($E11)) -> 2026 | C11: =IF($E11="","",MONTH($E11)) -> 2 | D11: =IF($E11="","",INT((MONTH($E11)-1)/3)+1) -> 1 | E11: 46064 | F11: 46064 | G11: 46065 | H11: 46094 | I11: COL | J11: 18 | K11: Elena Prado Técnica | L11: =IF($K11="","",IFERROR(VLOOKUP($K11,Listas!$I$4:$J$11,2,FALSE),"")) -> 12345678Z | M11: Colaboración técnica en informe de aislamiento | N11: 600 | O11: 0.21 | P11: =IF($N11="","",ROUND($N11*$O11,2)) -> 126 | Q11: 1 | R11: =IF($P11="","",ROUND($P11*$Q11,2)) -> 126 | S11: 0.15 | T11: =IF($N11="","",ROUND($N11*$S11,2)) -> 90 | U11: =IF($N11="","",ROUND($N11+$P11-$T11,2)) -> 636 | V11: PENDIENTE | W11: 0 | Y11: Transferencia | Z11: =IF($V11="ANULADA",0,IF($U11="","",MAX($U11-IF($W11="",0,$W11),0))) -> 636 | AA11: =IF(AND($V11<>"PAGADA",$V11<>"ANULADA",$H11<>"",TODAY()>$H11,$Z11>0),TODAY()-$H11,0) -> 39 | AB11: Pendiente de validación final
A12: =IF($E12="","",ROW()-7) -> 5 | B12: =IF($E12="","",YEAR($E12)) -> 2026 | C12: =IF($E12="","",MONTH($E12)) -> 3 | D12: =IF($E12="","",INT((MONTH($E12)-1)/3)+1) -> 1 | E12: 46084 | F12: 46084 | G12: 46085 | H12: 46114 | I12: VIA | J12: 731 | K12: Iberhost Viajes SL | L12: =IF($K12="","",IFERROR(VLOOKUP($K12,Listas!$I$4:$J$11,2,FALSE),"")) -> B74891230 | M12: Desplazamiento y alojamiento para medición | N12: 310 | O12: 0.21 | P12: =IF($N12="","",ROUND($N12*$O12,2)) -> 65.1 | Q12: 1 | R12: =IF($P12="","",ROUND($P12*$Q12,2)) -> 65.1 | S12: 0 | T12: =IF($N12="","",ROUND($N12*$S12,2)) -> 0 | U12: =IF($N12="","",ROUND($N12+$P12-$T12,2)) -> 375.1 | V12: PAGADA | W12: 375.1 | X12: 46101 | Y12: Tarjeta | Z12: =IF($V12="ANULADA",0,IF($U12="","",MAX($U12-IF($W12="",0,$W12),0))) -> 0 | AA12: =IF(AND($V12<>"PAGADA",$V12<>"ANULADA",$H12<>"",TODAY()>$H12,$Z12>0),TODAY()-$H12,0) -> 0 | AB12: Servicio asociado a proyecto de Bilbao
A13: =IF($E13="","",ROW()-7) -> 6 | B13: =IF($E13="","",YEAR($E13)) -> 2026 | C13: =IF($E13="","",MONTH($E13)) -> 3 | D13: =IF($E13="","",INT((MONTH($E13)-1)/3)+1) -> 1 | E13: 46108 | F13: 46108 | G13: 46108 | H13: 46138 | I13: TEL | J13: 5582 | K13: Netphone Empresa SL | L13: =IF($K13="","",IFERROR(VLOOKUP($K13,Listas!$I$4:$J$11,2,FALSE),"")) -> B55201479 | M13: Telefonía y datos de oficina | N13: 79 | O13: 0.21 | P13: =IF($N13="","",ROUND($N13*$O13,2)) -> 16.59 | Q13: 1 | R13: =IF($P13="","",ROUND($P13*$Q13,2)) -> 16.59 | S13: 0 | T13: =IF($N13="","",ROUND($N13*$S13,2)) -> 0 | U13: =IF($N13="","",ROUND($N13+$P13-$T13,2)) -> 95.59 | V13: PARCIAL | W13: 50 | Y13: Domiciliación | Z13: =IF($V13="ANULADA",0,IF($U13="","",MAX($U13-IF($W13="",0,$W13),0))) -> 45.59 | AA13: =IF(AND($V13<>"PAGADA",$V13<>"ANULADA",$H13<>"",TODAY()>$H13,$Z13>0),TODAY()-$H13,0) -> 0 | AB13: Queda un ajuste pendiente
A14: =IF($E14="","",ROW()-7) -> 7 | B14: =IF($E14="","",YEAR($E14)) -> 2026 | C14: =IF($E14="","",MONTH($E14)) -> 4 | D14: =IF($E14="","",INT((MONTH($E14)-1)/3)+1) -> 2 | E14: 46121 | F14: 46121 | G14: 46122 | H14: 46151 | I14: SEG | J14: 902 | K14: Asegura Pro Correduría SL | L14: =IF($K14="","",IFERROR(VLOOKUP($K14,Listas!$I$4:$J$11,2,FALSE),"")) -> B63950281 | M14: Seguro de responsabilidad civil profesional | N14: 420 | O14: 0 | P14: =IF($N14="","",ROUND($N14*$O14,2)) -> 0 | Q14: 0 | R14: =IF($P14="","",ROUND($P14*$Q14,2)) -> 0 | S14: 0 | T14: =IF($N14="","",ROUND($N14*$S14,2)) -> 0 | U14: =IF($N14="","",ROUND($N14+$P14-$T14,2)) -> 420 | V14: PAGADA | W14: 420 | X14: 46127 | Y14: Transferencia | Z14: =IF($V14="ANULADA",0,IF($U14="","",MAX($U14-IF($W14="",0,$W14),0))) -> 0 | AA14: =IF(AND($V14<>"PAGADA",$V14<>"ANULADA",$H14<>"",TODAY()>$H14,$Z14>0),TODAY()-$H14,0) -> 0 | AB14: Operación exenta de IVA
A15: =IF($E15="","",ROW()-7) -> 8 | B15: =IF($E15="","",YEAR($E15)) -> 2026 | C15: =IF($E15="","",MONTH($E15)) -> 4 | D15: =IF($E15="","",INT((MONTH($E15)-1)/3)+1) -> 2 | E15: 46134 | F15: 46134 | G15: 46134 | H15: 46164 | I15: FOR | J15: 118 | K15: Campus Formación Técnica SL | L15: =IF($K15="","",IFERROR(VLOOKUP($K15,Listas!$I$4:$J$11,2,FALSE),"")) -> B31678025 | M15: Curso de actualización en normativa acústica | N15: 295 | O15: 0.21 | P15: =IF($N15="","",ROUND($N15*$O15,2)) -> 61.95 | Q15: 1 | R15: =IF($P15="","",ROUND($P15*$Q15,2)) -> 61.95 | S15: 0 | T15: =IF($N15="","",ROUND($N15*$S15,2)) -> 0 | U15: =IF($N15="","",ROUND($N15+$P15-$T15,2)) -> 356.95 | V15: PAGADA | W15: 356.95 | X15: 46137 | Y15: Transferencia | Z15: =IF($V15="ANULADA",0,IF($U15="","",MAX($U15-IF($W15="",0,$W15),0))) -> 0 | AA15: =IF(AND($V15<>"PAGADA",$V15<>"ANULADA",$H15<>"",TODAY()>$H15,$Z15>0),TODAY()-$H15,0) -> 0 | AB15: Formación bonificada parcialmente
A16: =IF($E16="","",ROW()-7) | B16: =IF($E16="","",YEAR($E16)) | C16: =IF($E16="","",MONTH($E16)) | D16: =IF($E16="","",INT((MONTH($E16)-1)/3)+1) | L16: =IF($K16="","",IFERROR(VLOOKUP($K16,Listas!$I$4:$J$11,2,FALSE),"")) | P16: =IF($N16="","",ROUND($N16*$O16,2)) | R16: =IF($P16="","",ROUND($P16*$Q16,2)) | T16: =IF($N16="","",ROUND($N16*$S16,2)) | U16: =IF($N16="","",ROUND($N16+$P16-$T16,2)) | Z16: =IF($V16="ANULADA",0,IF($U16="","",MAX($U16-IF($W16="",0,$W16),0))) | AA16: =IF(AND($V16<>"PAGADA",$V16<>"ANULADA",$H16<>"",TODAY()>$H16,$Z16>0),TODAY()-$H16,0) -> 0
A17: =IF($E17="","",ROW()-7) | B17: =IF($E17="","",YEAR($E17)) | C17: =IF($E17="","",MONTH($E17)) | D17: =IF($E17="","",INT((MONTH($E17)-1)/3)+1) | L17: =IF($K17="","",IFERROR(VLOOKUP($K17,Listas!$I$4:$J$11,2,FALSE),"")) | P17: =IF($N17="","",ROUND($N17*$O17,2)) | R17: =IF($P17="","",ROUND($P17*$Q17,2)) | T17: =IF($N17="","",ROUND($N17*$S17,2)) | U17: =IF($N17="","",ROUND($N17+$P17-$T17,2)) | Z17: =IF($V17="ANULADA",0,IF($U17="","",MAX($U17-IF($W17="",0,$W17),0))) | AA17: =IF(AND($V17<>"PAGADA",$V17<>"ANULADA",$H17<>"",TODAY()>$H17,$Z17>0),TODAY()-$H17,0) -> 0
A18: =IF($E18="","",ROW()-7) | B18: =IF($E18="","",YEAR($E18)) | C18: =IF($E18="","",MONTH($E18)) | D18: =IF($E18="","",INT((MONTH($E18)-1)/3)+1) | L18: =IF($K18="","",IFERROR(VLOOKUP($K18,Listas!$I$4:$J$11,2,FALSE),"")) | P18: =IF($N18="","",ROUND($N18*$O18,2)) | R18: =IF($P18="","",ROUND($P18*$Q18,2)) | T18: =IF($N18="","",ROUND($N18*$S18,2)) | U18: =IF($N18="","",ROUND($N18+$P18-$T18,2)) | Z18: =IF($V18="ANULADA",0,IF($U18="","",MAX($U18-IF($W18="",0,$W18),0))) | AA18: =IF(AND($V18<>"PAGADA",$V18<>"ANULADA",$H18<>"",TODAY()>$H18,$Z18>0),TODAY()-$H18,0) -> 0
A19: =IF($E19="","",ROW()-7) | B19: =IF($E19="","",YEAR($E19)) | C19: =IF($E19="","",MONTH($E19)) | D19: =IF($E19="","",INT((MONTH($E19)-1)/3)+1) | L19: =IF($K19="","",IFERROR(VLOOKUP($K19,Listas!$I$4:$J$11,2,FALSE),"")) | P19: =IF($N19="","",ROUND($N19*$O19,2)) | R19: =IF($P19="","",ROUND($P19*$Q19,2)) | T19: =IF($N19="","",ROUND($N19*$S19,2)) | U19: =IF($N19="","",ROUND($N19+$P19-$T19,2)) | Z19: =IF($V19="ANULADA",0,IF($U19="","",MAX($U19-IF($W19="",0,$W19),0))) | AA19: =IF(AND($V19<>"PAGADA",$V19<>"ANULADA",$H19<>"",TODAY()>$H19,$Z19>0),TODAY()-$H19,0) -> 0
A20: =IF($E20="","",ROW()-7) | B20: =IF($E20="","",YEAR($E20)) | C20: =IF($E20="","",MONTH($E20)) | D20: =IF($E20="","",INT((MONTH($E20)-1)/3)+1) | L20: =IF($K20="","",IFERROR(VLOOKUP($K20,Listas!$I$4:$J$11,2,FALSE),"")) | P20: =IF($N20="","",ROUND($N20*$O20,2)) | R20: =IF($P20="","",ROUND($P20*$Q20,2)) | T20: =IF($N20="","",ROUND($N20*$S20,2)) | U20: =IF($N20="","",ROUND($N20+$P20-$T20,2)) | Z20: =IF($V20="ANULADA",0,IF($U20="","",MAX($U20-IF($W20="",0,$W20),0))) | AA20: =IF(AND($V20<>"PAGADA",$V20<>"ANULADA",$H20<>"",TODAY()>$H20,$Z20>0),TODAY()-$H20,0) -> 0
A21: =IF($E21="","",ROW()-7) | B21: =IF($E21="","",YEAR($E21)) | C21: =IF($E21="","",MONTH($E21)) | D21: =IF($E21="","",INT((MONTH($E21)-1)/3)+1) | L21: =IF($K21="","",IFERROR(VLOOKUP($K21,Listas!$I$4:$J$11,2,FALSE),"")) | P21: =IF($N21="","",ROUND($N21*$O21,2)) | R21: =IF($P21="","",ROUND($P21*$Q21,2)) | T21: =IF($N21="","",ROUND($N21*$S21,2)) | U21: =IF($N21="","",ROUND($N21+$P21-$T21,2)) | Z21: =IF($V21="ANULADA",0,IF($U21="","",MAX($U21-IF($W21="",0,$W21),0))) | AA21: =IF(AND($V21<>"PAGADA",$V21<>"ANULADA",$H21<>"",TODAY()>$H21,$Z21>0),TODAY()-$H21,0) -> 0
A22: =IF($E22="","",ROW()-7) | B22: =IF($E22="","",YEAR($E22)) | C22: =IF($E22="","",MONTH($E22)) | D22: =IF($E22="","",INT((MONTH($E22)-1)/3)+1) | L22: =IF($K22="","",IFERROR(VLOOKUP($K22,Listas!$I$4:$J$11,2,FALSE),"")) | P22: =IF($N22="","",ROUND($N22*$O22,2)) | R22: =IF($P22="","",ROUND($P22*$Q22,2)) | T22: =IF($N22="","",ROUND($N22*$S22,2)) | U22: =IF($N22="","",ROUND($N22+$P22-$T22,2)) | Z22: =IF($V22="ANULADA",0,IF($U22="","",MAX($U22-IF($W22="",0,$W22),0))) | AA22: =IF(AND($V22<>"PAGADA",$V22<>"ANULADA",$H22<>"",TODAY()>$H22,$Z22>0),TODAY()-$H22,0) -> 0
A23: =IF($E23="","",ROW()-7) | B23: =IF($E23="","",YEAR($E23)) | C23: =IF($E23="","",MONTH($E23)) | D23: =IF($E23="","",INT((MONTH($E23)-1)/3)+1) | L23: =IF($K23="","",IFERROR(VLOOKUP($K23,Listas!$I$4:$J$11,2,FALSE),"")) | P23: =IF($N23="","",ROUND($N23*$O23,2)) | R23: =IF($P23="","",ROUND($P23*$Q23,2)) | T23: =IF($N23="","",ROUND($N23*$S23,2)) | U23: =IF($N23="","",ROUND($N23+$P23-$T23,2)) | Z23: =IF($V23="ANULADA",0,IF($U23="","",MAX($U23-IF($W23="",0,$W23),0))) | AA23: =IF(AND($V23<>"PAGADA",$V23<>"ANULADA",$H23<>"",TODAY()>$H23,$Z23>0),TODAY()-$H23,0) -> 0
A24: =IF($E24="","",ROW()-7) | B24: =IF($E24="","",YEAR($E24)) | C24: =IF($E24="","",MONTH($E24)) | D24: =IF($E24="","",INT((MONTH($E24)-1)/3)+1) | L24: =IF($K24="","",IFERROR(VLOOKUP($K24,Listas!$I$4:$J$11,2,FALSE),"")) | P24: =IF($N24="","",ROUND($N24*$O24,2)) | R24: =IF($P24="","",ROUND($P24*$Q24,2)) | T24: =IF($N24="","",ROUND($N24*$S24,2)) | U24: =IF($N24="","",ROUND($N24+$P24-$T24,2)) | Z24: =IF($V24="ANULADA",0,IF($U24="","",MAX($U24-IF($W24="",0,$W24),0))) | AA24: =IF(AND($V24<>"PAGADA",$V24<>"ANULADA",$H24<>"",TODAY()>$H24,$Z24>0),TODAY()-$H24,0) -> 0
A25: =IF($E25="","",ROW()-7) | B25: =IF($E25="","",YEAR($E25)) | C25: =IF($E25="","",MONTH($E25)) | D25: =IF($E25="","",INT((MONTH($E25)-1)/3)+1) | L25: =IF($K25="","",IFERROR(VLOOKUP($K25,Listas!$I$4:$J$11,2,FALSE),"")) | P25: =IF($N25="","",ROUND($N25*$O25,2)) | R25: =IF($P25="","",ROUND($P25*$Q25,2)) | T25: =IF($N25="","",ROUND($N25*$S25,2)) | U25: =IF($N25="","",ROUND($N25+$P25-$T25,2)) | Z25: =IF($V25="ANULADA",0,IF($U25="","",MAX($U25-IF($W25="",0,$W25),0))) | AA25: =IF(AND($V25<>"PAGADA",$V25<>"ANULADA",$H25<>"",TODAY()>$H25,$Z25>0),TODAY()-$H25,0) -> 0
A26: =IF($E26="","",ROW()-7) | B26: =IF($E26="","",YEAR($E26)) | C26: =IF($E26="","",MONTH($E26)) | D26: =IF($E26="","",INT((MONTH($E26)-1)/3)+1) | L26: =IF($K26="","",IFERROR(VLOOKUP($K26,Listas!$I$4:$J$11,2,FALSE),"")) | P26: =IF($N26="","",ROUND($N26*$O26,2)) | R26: =IF($P26="","",ROUND($P26*$Q26,2)) | T26: =IF($N26="","",ROUND($N26*$S26,2)) | U26: =IF($N26="","",ROUND($N26+$P26-$T26,2)) | Z26: =IF($V26="ANULADA",0,IF($U26="","",MAX($U26-IF($W26="",0,$W26),0))) | AA26: =IF(AND($V26<>"PAGADA",$V26<>"ANULADA",$H26<>"",TODAY()>$H26,$Z26>0),TODAY()-$H26,0) -> 0
A27: =IF($E27="","",ROW()-7) | B27: =IF($E27="","",YEAR($E27)) | C27: =IF($E27="","",MONTH($E27)) | D27: =IF($E27="","",INT((MONTH($E27)-1)/3)+1) | L27: =IF($K27="","",IFERROR(VLOOKUP($K27,Listas!$I$4:$J$11,2,FALSE),"")) | P27: =IF($N27="","",ROUND($N27*$O27,2)) | R27: =IF($P27="","",ROUND($P27*$Q27,2)) | T27: =IF($N27="","",ROUND($N27*$S27,2)) | U27: =IF($N27="","",ROUND($N27+$P27-$T27,2)) | Z27: =IF($V27="ANULADA",0,IF($U27="","",MAX($U27-IF($W27="",0,$W27),0))) | AA27: =IF(AND($V27<>"PAGADA",$V27<>"ANULADA",$H27<>"",TODAY()>$H27,$Z27>0),TODAY()-$H27,0) -> 0
... A307: =IF($E307="","",ROW()-7) | B307: =IF($E307="","",YEAR($E307)) | C307: =IF($E307="","",MONTH($E307)) | D307: =IF($E307="","",INT((MONTH($E307)-1)/3)+1) | L307: =IF($K307="","",IFERROR(VLOOKUP($K307,Listas!$I$4:$J$11,2,FALSE),"")) | P307: =IF($N307="","",ROUND($N307*$O307,2)) | R307: =IF($P307="","",ROUND($P307*$Q307,2)) | T307: =IF($N307="","",ROUND($N307*$S307,2)) | U307: =IF($N307="","",ROUND($N307+$P307-$T307,2)) | Z307: =IF($V307="ANULADA",0,IF($U307="","",MAX($U307-IF($W307="",0,$W307),0))) | AA307: =IF(AND($V307<>"PAGADA",$V307<>"ANULADA",$H307<>"",TODAY()>$H307,$Z307>0),TODAY()-$H307,0) -> 0

Sheet Listas
A1: Listas editables para desplegables y búsquedas
A3: Estados de cobro | B3: Métodos de cobro/pago | C3: Tipos IVA | D3: Tipos IRPF | E3: Series emitidas | F3: Clientes | G3: NIF cliente | I3: Proveedores | J3: NIF proveedor | L3: Estados de pago | M3: % IVA deducible | N3: Años resumen
A4: PENDIENTE | B4: Transferencia | C4: 0 | D4: 0 | E4: A-26 | F4: Opal Hotelera SL | G4: B34127865 | I4: SoniTest Laboratorios SL | J4: B21943088 | L4: PENDIENTE | M4: 1 | N4: 2025
A5: PARCIAL | B5: Tarjeta | C5: 0.04 | D5: 0.07 | E5: B-26 | F5: Restauración Puerto Norte SL | G5: B90341652 | I5: DataCampo Mobility SL | J5: B67190452 | L5: PARCIAL | M5: 0.5 | N5: 2026
A6: COBRADA | B6: Domiciliación | C6: 0.1 | D6: 0.15 | E6: RECT-26 | F6: Comunidad Torre del Lago | G6: H11852209 | I6: Oficina Delta SA | J6: A08567931 | L6: PAGADA | M6: 0 | N6: 2027
A7: ANULADA | B7: Efectivo | C7: 0.21 | E7: PRO-26 | F7: Teatro del Sur SA | G7: A67345019 | I7: Elena Prado Técnica | J7: 12345678Z | L7: ANULADA
B8: Bizum | F8: Constructora Linde SA | G8: A28090411 | I8: Iberhost Viajes SL | J8: B74891230
B9: Confirming | F9: Colegio Atlas Coop. | G9: F44712063 | I9: Netphone Empresa SL | J9: B55201479
F10: Clínica Horizonte SL | G10: B50876142 | I10: Asegura Pro Correduría SL | J10: B63950281
I11: Campus Formación Técnica SL | J11: B31678025
A15: Añade o sustituye valores aquí y los desplegables de las otras hojas los usarán automáticamente. Los NIF de clientes y proveedores se rellenan solos al elegir el nombre.
